AoeStats
← M@nqu!to

Arabia

505571150Analyzed
2v2 RM · 21d ago on Sep 10, 2026· 36m 26s· 4 players
Game mode
Random Map
Map size
Medium (4 player)
Population
200
Speed
Normal
Resources
Standard
Victory
Conquest
Starting age
Dark Age
Ending age
Imperial Age
RankedLock teamsTeams togetherTeam positionsShared explorationLock speedFull tech treeHidden civsTurbo modeCheats
Victory
Defeat
🇲🇽 Cumans · Mexico
1306
+14
🇲🇽 Jurchens · Mexico
1190
+20
🇵🇪 Malay · Peru
1286
-18
🇵🇪 Hindustanis · Peru
1241
-16
StampedPear67
8:06 Loom
10:24 Feudal Age
14:29 Forging
21:41 Castle Age
27:27 Iron Casting
28:38 Double-Bit Axe
30:07 Wheelbarrow
29:24 Horse Collar
33:12 Scale Barding Armor
33:25 Bloodlines
36:00 Heavy Plow
36:42 Bow Saw
tona1410
8:53 Loom
11:15 Feudal Age
11:52 Double-Bit Axe
22:24 Castle Age
21:09 Bloodlines
21:54 Forging
22:24 Horse Collar
24:56 Bow Saw
27:37 Heavy Plow
30:04 Wheelbarrow
32:10 Scale Barding Armor
M@nqu!to
7:21 Loom
9:48 Feudal Age
10:29 Double-Bit Axe
15:32 Scale Barding Armor
18:13 Town Watch
24:39 Castle Age
24:09 Forging
30:27 Chain Barding Armor
30:35 Town Patrol
31:32 Husbandry
31:43 Bloodlines
M@nquito 2.0
10:39 Feudal Age
12:20 Loom
17:16 Double-Bit Axe
24:04 Castle Age
22:43 Fletching
23:14 Crossbowman
23:57 Padded Archer Armor
24:41 Bodkin Arrow
27:15 Leather Archer Armor
33:53 Wheelbarrow
Connection lost

Rejoining the realm…

Still unreachable

The connection could not be restored.

Session expired

The server has moved on; the page needs a fresh start.